 Dungeon Crawl Stone Soup version 0.31-a0-1576-ga3383bade6 (webtiles) character file.

Game seed: 13181976152649517627

2785 inmateoo the Skirmisher (level 9, -4/71 HPs)
             Began as a Minotaur Hunter on Jan 4, 2024.
             Was a Follower of Hepliaklqana.
             Killed by divine providence
             ... invoked by an orc priest
              (12 damage)
             ... on level 7 of the Dungeon.
             The game lasted 00:07:20 (5747 turns).

inmateoo the Skirmisher (Minotaur Hunter)           Turns: 5747, Time: 00:07:21

Health: -4/71      AC: 15    Str: 17    XL:     9   Next: 43%
Magic:  8/8        EV: 20    Int:  6    God:    Hepliaklqana [*.....]
Gold:   276        SH:  5    Dex: 17    Spells: 8/8 levels left

rFire   . . .        q - +3 trident (protect)
rCold   + . .        (no shield)
rNeg    . . .        H - +0 steam dragon scales
rPois   .            D - +1 hat
rElec   .            y - +0 cloak
rCorr   .            (no gloves)
SInv    .            E - +0 pair of boots
Will    .....        i - amulet of reflection
Stlth   +++          j - +5 ring of evasion
HPRegen 0.31/turn    s - ring of protection from cold
MPRegen 0.11/turn

%: reflection
@: under a protective aura, studying Fighting
A: reduced essence, horns 2, retaliatory headbutt
a: Renounce Religion, Recall Ancestor, Ancestor Identity


You were on level 7 of the Dungeon.
You worshipped Hepliaklqana.
Hepliaklqana was aware of your devotion.
You visited 1 branch of the dungeon, and saw 7 of its levels.

You collected 385 gold pieces.
You spent 109 gold pieces at shops.

Inventory:

Hand Weapons
 a - a +0 shortbow
 n - a +2 heavy trident
 q - a +3 trident of protection (weapon)
Missiles
 k - 2 throwing nets
Armour
 f - a +2 kite shield
 y - a +0 cloak (worn)
 D - a +1 hat (worn)
 E - a +0 pair of boots (worn)
 H - +0 steam dragon scales (worn)
Jewellery
 i - an amulet of reflection (around neck)
 j - a +5 ring of evasion (left hand)
 m - a ring of flight
 s - a ring of protection from cold (right hand)
Wands
 g - a wand of flame (16)
 l - a wand of polymorph (11)
 t - a wand of mindburst (12)
 x - a wand of charming (21)
Scrolls
 b - a scroll of butterflies
 c - a scroll of silence
 e - 2 scrolls of fear
 p - 4 scrolls of identify
 r - a scroll of vulnerability
 w - a scroll of amnesia {unknown}
 A - a scroll of enchant weapon {unknown}
 B - 3 scrolls of teleportation
Potions
 d - a potion of heal wounds
 h - 2 potions of cancellation
 o - a potion of brilliance
 u - a potion of haste {unknown}
 v - 2 potions of mutation {unknown}
 z - a potion of curing {unknown}
 C - a potion of resistance {unknown}
 I - a potion of invisibility {unknown}


   Skills:
 + Level 7.4 Fighting
 + Level 5.4 Polearms
 * Level 9.6 Ranged Weapons
 + Level 6.2 Dodging
 + Level 4.8 Stealth


You had 8 spell levels left.
You didn't know any spells.
Your spell library contained the following spells:

 Spells                   Type           Power      Damage    Failure   Level
 Kiss of Death            Conj/Necr      0%         2d5       45%         1
 Scorch                   Fire           0%         2d5       58%         2
 Confusing Touch          Hex            0%         N/A       83%         3
 Dispel Undead            Necr           0%         3d6       99%         4
 Flame Wave               Conj/Fire      0%         2d4       99%         4
 Alistair's Intoxication  Alch           0%         N/A       100%        5
 Borgnjor's Vile Clutch   Necr/Erth      0%         N/A       100%        5
 Eringya's Noxious Bog    Alch           0%         4d6       100%        6
 Summon Cactus Giant      Summ           0%         N/A       100%        6


Dungeon Overview and Level Annotations

Branches:
Dungeon (7/15)             Temple (0/1) D:7

Altars:
Gozag
Hepliaklqana
Kikubaaqudgha
Zin

Shops:
D:3 *   D:6 *


Innate Abilities, Weirdness & Mutations

Your life essence is reduced to manifest your ancestor. (-10% HP)
You have a pair of horns on your head.
You reflexively headbutt those who attack you in melee.


Message History

Reach: q) +3 trident (protect)
Press: ? - help, Dir - move target, f/p - orc warrior
Aim: an orc warrior, wielding a +0 halberd and wearing a +0 plate armour (severely wounded, about 33% to evade your +3 trident of protection)
You reach to attack!
You hit the orc warrior.
The orc warrior is severely wounded.
The orc warrior completely misses you.
Reach: q) +3 trident (protect)
Press: ? - help, Dir - move target, f/p - orc warrior
Aim: an orc warrior, wielding a +0 halberd and wearing a +0 plate armour (severely wounded, about 33% to evade your +3 trident of protection)
You reach to attack!
You hit the orc warrior.
The orc warrior is almost dead.
The orc warrior hits you from afar with a +0 halberd.
* * * LOW HITPOINT WARNING * * *
Reach: q) +3 trident (protect)
Press: ? - help, Dir - move target, f/p - orc warrior
Aim: an orc warrior, wielding a +0 halberd and wearing a +0 plate armour (almost dead, about 33% to evade your +3 trident of protection)
You reach to attack!
You hit the orc warrior but do no damage.
The orc warrior is almost dead.
The orc warrior misses you.
The orc priest mumbles some strange prayers to Beogh against you.
Beogh smites you!
* * * LOW HITPOINT WARNING * * *
Reach: q) +3 trident (protect)
Press: ? - help, Dir - move target, f/p - orc warrior
Aim: an orc warrior, wielding a +0 halberd and wearing a +0 plate armour (almost dead, about 33% to evade your +3 trident of protection)
You reach to attack!
You hit the orc warrior but do no damage.
The orc warrior is almost dead.
The orc warrior misses you.
Reach: q) +3 trident (protect)
Press: ? - help, Dir - move target, f/p - orc warrior
Aim: an orc warrior, wielding a +0 halberd and wearing a +0 plate armour (almost dead, about 33% to evade your +3 trident of protection)
You reach to attack!
You hit the orc warrior but do no damage.
The orc warrior is almost dead.
You block the orc warrior's attack.
The orc priest invokes the aid of Beogh against you.
Beogh smites you!
You die...

# #.........###+.....##
# #..†......##........#
# #.........##........#
# #..........#........#
# ##..........#....o...#
###...#######.#.o).....#
##.......####.##o#
##............##.#
##.......#######@#
##...)...'.#.....#
##.......#R#.##..#
##########...##..# ..#
######..#### ..# #####
#...... ..# #...#
#...... ..# #...#
##.....##### ###### ..#
##...## #.##.#....#
#.....


You could see an orc warrior and an orc priest.

Vanquished Creatures
  A steam dragon (D:4)
  A water moccasin (D:7)
  2 ice beasts
  A sky beast (D:7)
  A black bear (D:7)
  4 ogres
  2 centaurs (D:6)
  3 bullfrogs
  A scorpion (D:6)
  4 necrophages (D:4)
  3 quasits
  A hound (D:3)
  5 orc priests
  A bullfrog skeleton (D:4)
  A human zombie (D:4)
  2 jellies (D:4)
  A sleepcap (D:6)
  4 iguanas
  2 orc wizards (D:3)
  A hound zombie (D:4)
  A hound skeleton (D:4)
  Robin (D:2)
  7 gnolls
  7 adders
  2 shadow imps
  5 white imps
  An ufetubus (D:5)
  An adder skeleton (D:4)
  2 adder zombies (D:4)
  5 dart slugs
  A ribbon worm (D:5)
  15 orcs
  4 ball pythons
  9 bats
  4 endoplasms
  5 giant cockroaches
  13 goblins
  6 hobgoblins
  6 kobolds
  2 quokkas
  A frilled lizard (D:3)
  A quokka zombie (D:4)
  6 rats
146 creatures vanquished.

Vanquished Creatures (collateral kills)
  A water moccasin (D:7)
  An orc warrior (D:6)
  A scorpion (D:6)
  A bombardier beetle (D:6)
4 creatures vanquished.

Vanquished Creatures (others)
  A hound (D:5)
  2 orc wizards (D:5)
  An ancestor (D:7)
  A white imp (D:5)
5 creatures vanquished.

Grand Total: 155 creatures vanquished

Notes
Turn   | Place    | Note
-------+----------+-------------------------------------------
     0 | D:1      | inmateoo the Minotaur Hunter began the quest for the Orb.
     0 | D:1      | Reached XP level 1. HP: 18/18 MP: 0/0
    44 | D:1      | Reached skill level 1 in Stealth
    77 | D:1      | Reached XP level 2. HP: 25/25 MP: 1/1
   500 | D:1      | Reached XP level 3. HP: 30/30 MP: 2/2
   745 | D:2      | Noticed Robin
   769 | D:1      | Reached skill level 5 in Ranged Weapons
   879 | D:2      | Killed Robin
   880 | D:2      | Reached XP level 4. HP: 38/38 MP: 3/3
  1741 | D:3      | Found an opulent altar of Gozag.
  1741 | D:3      | Found Gozag's Platinum Reserve.
  2031 | D:3      | Reached XP level 5. HP: 39/45 MP: 4/4
  2463 | D:4      | Reached skill level 6 in Ranged Weapons
  2544 | D:4      | Reached XP level 6. HP: 52/52 MP: 5/5
  2602 | D:4      | Identified the +7 flail "Vodeodao" {flame, rC++ rN++ rCorr}
  2661 | D:4      | Reached skill level 1 in Polearms
  2688 | D:4      | Reached XP level 7. HP: 57/60 MP: 6/6
  2694 | D:4      | Found an ancient bone altar of Kikubaaqudgha.
  2890 | D:4      | Found a glowing silver altar of Zin.
  3102 | D:4      | Found a hazy altar of Hepliaklqana.
  3271 | D:4      | Became a worshipper of Hepliaklqana the Forgotten
  3297 | D:5      | Entered Level 5 of the Dungeon
  3454 | D:5      | Reached skill level 7 in Ranged Weapons
  3570 | D:4      | Reached skill level 5 in Fighting
  3781 | D:5      | Reached XP level 8. HP: 68/68 MP: 7/7
  3917 | D:5      | You are sucked into a shaft and drop 1 floor!
  4145 | D:6      | Found Jedasom's Assorted Antiques.
  4169 | D:6      | Reached skill level 8 in Ranged Weapons
  4169 | D:6      | Reached skill level 5 in Dodging
  4297 | D:5      | HP: 3/70 [steam dragon] (6)]
  4954 | D:6      | Reached XP level 9. HP: 69/78 MP: 8/8
  4972 | D:6      | Reached * piety under Hepliaklqana
  5000 | D:6      | Reached skill level 9 in Ranged Weapons
  5073 | D:6      | Bought a fuming emerald potion for 20 gold pieces
  5073 | D:6      | Bought a dark potion for 20 gold pieces
  5073 | D:6      | Bought a scroll labelled ZAOSIMA UKEW for 23 gold pieces
  5073 | D:6      | Bought a scroll of identify for 46 gold pieces
  5076 | D:6      | Identified a scroll of acquirement
  5076 | D:6      | Acquired a manual of Fighting
  5273 | D:7      | Reached skill level 5 in Polearms
  5392 | D:7      | Found a staircase to the Ecumenical Temple.
  5747 | D:7      | Killed from afar by an orc priest

Illustrated notes

Levels and vault maps discovered:
D:1:      mainiacjoe_arrival_reflecting_pool, layout_loops_ring
D:2:      layout_loops_cross, serial_bayou_pond_e, uniq_robin
D:3:      layout_basic, nicolae_gozag_zags_fifth_avenue
D:4:      cheibrodos_pilgrimage, layout_basic, lemuel_round_altar,
          lemuel_mausoleum_altar_kikubaaqudgha,
          worldfamousw_hep_ancestral_shrine, hex_large
D:5:      layout_rooms, serial_demonic, serial_demonic_a, serial_demonic_d,
          serial_demonic_g, serial_demonic_g, serial_demonic_c,
          serial_demonic_d, serial_demonic_e
D:6:      layout_rooms, serial_shops, nicolae_shop_tiny_glass,
          kennysheep_generic_room_13
D:7:      layout_basic, minmay_temple_entry_statues_pillars

Skill      XL: |  1  2  3  4  5  6  7  8  9 |
---------------+----------------------------+-----
Stealth        | 1 2 3 4 |  4.8
Fighting       | 3 4 5 6 7 |  7.4
Ranged Weapons | 5 6 7 8 9 |  9.6
Dodging        | 3 4 5 6 |  6.2
Polearms       | 1 3 4 5 |  5.4

Action                     |  1- 3 |  4- 6 |  7- 9 || total
---------------------------+-------+-------+-------++-------
  Melee: Trident           |       |    28 |   159 ||   187
         Headbutt          |       |     4 |    26 ||    30
         Punch             |       |       |     2 ||     2
   Fire: Shortbow          |    82 |   109 |   211 ||   402
    Use: Scroll            |     3 |     4 |     6 ||    13
 Armour: Leather armour    |    21 |       |       ||    21
         Ring mail         |       |    16 |       ||    16
         Scale mail        |       |    19 |   134 ||   153
         Steam dragon scal |       |       |    30 ||    30
  Dodge: Dodged            |    17 |    55 |   264 ||   336
  Block: Other             |       |    18 |    77 ||    95
         Reflection        |       |       |     9 ||     9
         Kite shield       |       |       |    45 ||    45

Table legend: (Time is in decaauts)
 A = Elapsed time spent in this place.
 B = Non-inter-level travel time spent in this place.
 C = Inter-level travel time spent in this place.
 D = Time resting spent in this place.
 E = Time spent auto-exploring this place.
 F = Levels seen in this place.
 G = Mean time per level.
                   A        B        C        D        E       F      G
               +--------+--------+--------+--------+--------+-----+--------+
         Total |   5876 |   5706 |    170 |   1647 |   2779 |   7 |  839.4 |
       Dungeon |   5876 |   5706 |    170 |   1647 |   2779 |   7 |  839.4 |
               +--------+--------+--------+--------+--------+-----+--------+

Top non-repeatable levels by time:
     D:4: 1775 daAuts
     D:3: 986 daAuts
     D:1: 786 daAuts
     D:6: 628 daAuts
     D:5: 598 daAuts
     D:2: 590 daAuts
     D:7: 511 daAuts
